 Dungeon Sprint DCSS version 0.26-a0-30-g56b8cd3df0 (webtiles) character file.

Game seed: 437195552259007352, levelgen mode: deterministic

623 Apogee the Basher (level 7, 0/127 HPs)
             Began as an Ogre Berserker on June 2, 2020.
             Was a Priest of Trog.
             Slain by a red devil
             ... wielding a +0 trident
             ... summoned by a kobold demonologist
              (13 damage)
             ... while paralysed by a floating eye
             ... in the Dungeon (Sprint I: "Red Sonja").
             The game lasted 00:02:10 (1027 turns).

Apogee the Basher (Ogre Berserker)                  Turns: 1027, Time: 00:02:11

Health: 0/127      AC:  3    Str: 24      XL:     7   Next: 47%
Magic:  7/7        EV:  1    Int:  8      God:    Trog [***...]
Gold:   405        SH:  0    Dex:  4 (8)  Spells: 6/6 levels left

rFire    . . .     SeeInvis .   j - +0 giant club
rCold    . . .     Gourm    .   (shield currently unavailable)
rNeg     . . .     Faith    .   b - +0 animal skin
rPois    .         Spirit   .   (helmet restricted)
rElec    .         Reflect  .   (no cloak)
rCorr    .         Harm     .   (gloves unavailable)
MR       .....     NoTele   +   (boots unavailable)
Stlth    ..........             (no amulet)
HPRegen  0.31/turn              (no ring)
MPRegen  0.10/turn              (no ring)

@: paralysed, berserking, starving
A: large, unfitting armour, tough skin 1
a: Berserk, Trog's Hand, Renounce Religion


You were in the Dungeon.
You worshipped Trog.
Trog was most pleased with you.
You were starving.

You visited 1 branch You collected 405 gold pieces.

Inventory:

Hand Weapons
 a - a +0 mace
 j - a +0 giant club (weapon)
Armour
 b - a +0 animal skin (worn)
 k - a +2 robe of positive energy
Jewellery
 l - a cursed -4 ring of strength {unknown}
Scrolls
 i - a scroll of blinking {!r}
Potions
 d - a potion of curing
 e - a potion of heal wounds
 f - a potion of haste
 g - 2 potions of magic
 h - a potion of berserk rage {!q}
Comestibles
 c - 2 rations


   Skills:
 - Level 10.2 Fighting
 + Level 11.2 Maces & Flails
 - Level 7.1 Dodging


You had 6 spell levels left.
You didn't know any spells.
Your spell library was empty.

Dungeon Overview and Level Annotations

Branches:
Dungeon (1/1)

Altars:
Cheibriados
Dithmenos
Elyvilon
Fedhas
Gozag
Hepliaklqana
Kikubaaqudgha
Makhleb
Nemelex Xobeh
Okawaru
Qazlal
Ru
Sif Muna
Trog
Uskayaw
Vehumet
Wu Jian
Xom
Yredelemnul
Zin
The Shining One
Jiyva
Lugonu

Shops:
D %


Innate Abilities, Weirdness & Mutations

You are too large for most types of armour.
You have tough skin. (AC +1)


Message History

The quasit claws you.
* * * LOW HITPOINT WARNING * * *
The quasit claws you.
* * * LOW HITPOINT WARNING * * *
The kobold demonologist hits you with a +0 dagger.
* * * LOW HITPOINT WARNING * * *
The orange demon stings you from afar!
* * * LOW HITPOINT WARNING * * *
The red devil hits you from afar with a +0 trident!
* * * LOW HITPOINT WARNING * * *
The red devil hits you but does no damage.
The quasit bites you.
* * * LOW HITPOINT WARNING * * *
You feel clumsy. The quasit barely misses you.
The quasit claws you but does no damage.
The kobold demonologist hits you but does no damage.
The orange demon stings you but does no damage.
The red devil hits you from afar with a +0 trident!
You die...

#####################
.†..#..'..#__#..@K4.#
.#..').#..'..'.5#G4.#
###'#####'#__####K4.+
#..#...#.#### ####
_####..##.#≈§
____##'#_.+≈§
.∩...÷..._#
..__##_.#'#
____###+#[#


You could see an orange demon (summoned), 2 kobold demonologists, 2 red devils,
a floating eye and a quasit (summoned).

Vanquished Creatures
  A slime creature (D)
  Sigmund (D)
  A yak (D)
  An ogre (D)
  A jelly (D)
  Ijyb (D)
6 creatures vanquished.

Notes
Turn   | Place    | Note
-------+----------+-------------------------------------------
     0 | D        | Apogee the Ogre Berserker began the quest for the Orb.
     0 | D        | Reached XP level 1. HP: 24/24 MP: 1/1
     1 | D        | Noticed Ijyb
    21 | D        | Killed Ijyb
    21 | D        | Reached skill level 5 in Fighting
    21 | D        | Reached skill level 4 in Maces & Flails
    21 | D        | Reached XP level 2. HP: 15/36 MP: 2/2
    21 | D        | Reached XP level 3. HP: 18/44 MP: 3/3
   203 | D        | Noticed an ogre
   211 | D        | Killed an ogre
   211 | D        | Reached skill level 5 in Maces & Flails
   211 | D        | Reached skill level 5 in Dodging
   211 | D        | Reached XP level 4. HP: 42/57 MP: 4/4
   356 | D        | Noticed Sigmund
   361 | D        | Killed Sigmund
   361 | D        | Reached ** piety under Trog
   361 | D        | Reached skill level 10 in Fighting
   361 | D        | Reached skill level 7 in Maces & Flails
   361 | D        | Reached XP level 5. HP: 30/68 MP: 5/5
   361 | D        | Reached XP level 6. HP: 34/78 MP: 6/6
   558 | D        | Found an ornate altar of the Wu Jian Council.
   558 | D        | Found a shimmering blue altar of Sif Muna.
   560 | D        | Found a radiant altar of Vehumet.
   584 | D        | Found Vibeof's Food Emporium.
   584 | D        | Found an ancient bone altar of Kikubaaqudgha.
   584 | D        | Found a hazy altar of Hepliaklqana.
   584 | D        | Found a hide-covered altar of Uskayaw.
   584 | D        | Found a basalt altar of Yredelemnul.
   584 | D        | Found an opulent altar of Gozag.
   584 | D        | Found a snail-covered altar of Cheibriados.
   584 | D        | Found a sacrificial altar of Ru.
   584 | D        | Found a shadowy altar of Dithmenos.
   584 | D        | Noticed a yak
   592 | D        | Killed a yak
   592 | D        | Reached skill level 9 in Maces & Flails
   592 | D        | Reached XP level 7. HP: 46/85 MP: 7/7
   593 | D        | Found a stormy altar of Qazlal.
   593 | D        | Found a blossoming altar of Fedhas.
   593 | D        | Found a bloodstained altar of Trog.
   593 | D        | Found an iron altar of Okawaru.
   593 | D        | Found a glowing golden altar of the Shining One.
   593 | D        | Found a glowing silver altar of Zin.
   593 | D        | Found a white marble altar of Elyvilon.
   596 | D        | Found a sparkling altar of Nemelex Xobeh.
   762 | D        | Found a viscous altar of Jiyva.
   762 | D        | Found a corrupted altar of Lugonu.
   762 | D        | Noticed a slime creature
   763 | D        | Found a burning altar of Makhleb.
   763 | D        | Found a shimmering altar of Xom.
   769 | D        | Killed a slime creature
   769 | D        | Reached *** piety under Trog
   769 | D        | Reached skill level 11 in Maces & Flails
  1016 | D        | Noticed a kobold demonologist
  1017 | D        | Noticed a kobold demonologist
  1018 | D        | Paralysed by a floating eye for 3 turns
  1020 | D        | Noticed an orange demon
  1021 | D        | Noticed a red devil
  1023 | D        | Noticed a red devil
  1024 | D        | Paralysed by a floating eye for 4 turns
  1027 | D        | Slain by a red devil

Illustrated notes

Levels and vault maps discovered:
D:        dungeon_sprint_1 [red_sonja_temple_1, red_sonja_temple_small_1]

Skill      XL: |  1  2  3  4  5  6  7 |
---------------+----------------------+-----
Fighting       | 5 8 10 | 10.2
Maces & Flails | 4 5 7 9 11 | 11.2
Dodging        | 4 5 7 |  7.1

Action                   |  1- 3 |  4- 6 |  7- 9 || total
-------------------------+-------+-------+-------++-------
Melee: Mace              |    25 |       |       ||    25
       Giant club        |       |    13 |     9 ||    22
Invok: Berserk           |     1 |       |     2 ||     3
  Eat: Chunk             |       |       |     1 ||     1
Armor: Animal skin       |     6 |       |    11 ||    17
Dodge: Dodged            |    10 |     5 |    12 ||    27

Table legend:
 A = Non-vault XP
 B = Vault XP
 C = Vault XP percentage of total XP
 D = Non-vault monster count
 E = Vault monster count
 F = Vault count percentage of total count
                 A         B        C        D         E       F
            +---------+---------+-------+---------+---------+-------
      Total |       0 |     891 | 100.0 |       0 |       6 | 100.0
            +---------+---------+-------+---------+---------+-------
          D |       0 |     891 | 100.0 |       0 |       6 | 100.0
            +---------+---------+-------+---------+---------+-------
